 Dungeon Crawl Stone Soup version 0.19-a0-1401-g902f63d (webtiles) character file.

21285 4thArraOfDagon the Grappler (level 12, -9/96 HPs)
             Began as a Troll Ice Elementalist on Sept 4, 2016.
             Was a Believer of Elyvilon.
             Mangled by a soul eater (20 damage)
             ... summoned by an orc high priest
             ... on level 2 of the Orcish Mines.
             The game lasted 00:38:21 (6921 turns).

4thArraOfDagon the Grappler (TrIE)                  Turns: 6921, Time: 00:38:22

Health: -9/96      AC:  9    Str: 29      XL:     12   Next: 52%
Magic:  17/18      EV:  7    Int: 13 (15) God:    Elyvilon [**....]
Gold:   1234       SH: 19    Dex: 12      Spells: 1 memorised, 12 levels left

rFire  . . .     SeeInvis +       - Unarmed
rCold  + . .     Gourm    +     w - +1 robe of the Tortoise {rElec Str+6}
rNeg   + + .     Faith    .     m - +0 large shield {rC+}
rPois  .         Spirit   .     s - +2 hat {SInv}
rElec  +         Dismiss  .     (no cloak)
rCorr  .         Reflect  .     (gloves unavailable)
MR     .....     Harm     +     (boots unavailable)
Stlth  ++........               x - amulet "Piacary" {Harm *Drain rN++ Dex+2}
                                (no ring)
                                u - +4 ring of strength

@: weakened, drained
A: unfitting armour, claws 3, large bone plates 1, blurry vision 1, deformed
body, fast metabolism 3, frail 1, gourmand, regeneration 2, shaggy fur 1, tough
skin 2, wild magic 1, MP-powered wands
a: Lesser Healing, Heal Other, Divine Protection, Renounce Religion


You were on level 2 of the Orcish Mines.
You worshipped Elyvilon.
Elyvilon was pleased with you.
You were not hungry.

You visited 2 branches of the dungeon, and saw 16 of its levels.
You also visited: Ice Cave.

You collected 1355 gold pieces.
You spent 121 gold pieces at shops.

Inventory:

Hand Weapons
 y - the +1 mace of Discord {holy, rF+, unknown}
   (You found it on level 12 of the Dungeon)

   It has been blessed by the Shining One to cause great damage to the undead
   and demons.
   It protects you from fire.
Missiles
 j - 6 large rocks
 n - 6 curare-tipped needles
 p - 2 poisoned javelins (quivered)
Armour
 a - a +0 robe
 m - a +0 large shield of cold resistance (worn)
 s - a +2 hat of see invisible (worn)
 v - a +0 shield
 w - the +1 robe of the Tortoise (worn) {rElec Str+6}
   (You acquired it on level 12 of the Dungeon)

   It affects your strength (+6).
   It insulates you from electricity.
 E - a +1 large shield of positive energy
Jewellery
 l - an uncursed amulet of faith
 o - an uncursed amulet of regeneration {unknown}
 u - a +4 ring of strength (left claw)
 x - the amulet "Piacary" (around neck) {Harm *Drain rN++ Dex+2}
   (You acquired it on level 12 of the Dungeon)

   [amulet of harm]

   It increases damage dealt and taken.
   It affects your dexterity (+2).
   It greatly protects you from negative energy.
   It causes draining when unequipped.
Wands
 t - a wand of disintegration (16/24)
 B - a wand of polymorph (5/24)
 C - a wand of lightning (6/15)
Scrolls
 d - a scroll of immolation
 f - 2 scrolls of enchant armour
 h - 5 scrolls of remove curse
Potions
 e - a potion of degeneration
 g - 2 potions of might
 i - 2 potions of heal wounds
 k - a potion of beneficial mutation {unknown}
 q - a potion of cure mutation
 r - 2 potions of curing
 A - 2 potions of lignification {unknown}
Books
 b - a book of Frost

   Spells                             Type                      Level
   a - Freeze                         Ice                          1
   b - Throw Frost                    Conjuration/Ice              2
   c - Ozocubu's Armour               Charms/Ice                   3
   d - Throw Icicle                   Conjuration/Ice              4
   e - Summon Ice Beast               Ice/Summoning                4
Miscellaneous
 z - a sack of spiders
Comestibles
 c - 6 bread rations
 D - a meat ration


   Skills:
 + Level 4.3(4.2) Fighting
 - Level 1.5 Dodging
 - Level 1.1(1.0) Stealth
 + Level 6.7 Shields
 - Level 14.2(14.1) Unarmed Combat
 - Level 1.2(1.1) Spellcasting
   Level 0.6(0.5) Conjurations
 - Level 2.1 Ice Magic
 + Level 10.4 Invocations


You had 12 spell levels left.
You knew the following spells:

 Your Spells              Type           Power        Failure   Level  Hunger
a - Freeze                Ice            #...         86%         1    ##.....


Dungeon Overview and Level Annotations

Branches:
Dungeon (14/15)               Orc (2/2) D:11            Elf (0/3) Orc:2
 Temple: D:4-7         Lair: D:8-11      Vaults: D:13-14

Altars:
Elyvilon
Trog

Shops:
D:12 }   D:13 *   Orc:2 [

Annotations:
D:4 4thArraOfDagon's ghost, amateur TrIE
D:5 Roxy's ghost, novice FoFi
D:6 Pikel
D:12 Azrael
D:14 Josephine


Innate Abilities, Weirdness & Mutations

You are too large for most types of armour.
You have claws for hands.
Your metabolism is lightning-fast.
You like to eat raw meat.
You heal very quickly.
You are covered in fur. (AC +1)
You have very tough skin. (AC +2)
You are partially covered in large bone plates. (AC +2, SH +2)
Scrolls take you a little longer to read.
Armour fits poorly on your strangely shaped body.
You are frail. (-10% HP)
Your spells are a little harder to cast, but a little more powerful.
You expend magic power (3 MP) to strengthen your wands.


Message History

Unknown command.
Unknown command.
Unknown command.
Unknown command.
The orc high priest mumbles some strange prayers to Beogh.
The orc high priest is healed somewhat.
Unknown command.
Unknown command.
Evoke which item? (* to show all) (? for menu, Esc to quit)
Okay, then.
Unknown command.
The orc high priest mumbles some strange prayers to Beogh against you.
Beogh smites you!
* * * LOW HITPOINT WARNING * * *
The orange demon stings you!
* * * LOW HITPOINT WARNING * * *
The orange demon hits you.
* * * LOW HITPOINT WARNING * * *
The soul eater hits you!
You die...

............))..##.....# ##....
....#.##....##.###)....# ##..
...##.#.#....###.).....# #
...#.....#.....).....######## #
..#.#....##...............#..#.
..........)....#..........#.#.##
.....)##.....)..ooo....#.#.....##
......###......43o3...........##.
...............#@#...............
................##...............
.........^.....#...............#.
.........................#.......
........#........................
...............).................
..)..............................
..[))............................
............................#....


You could see a soul eater, an orc high priest, an orange demon, a neqoxec, 2
orc priests and an orc.

Vanquished Creatures
  An orc warlord (Orc:1)
  An ettin (Orc:1)
  A centaur warrior (D:13)
  An orc high priest (Orc:2)
  3 hill giants
  2 orc knights
  2 orc sorcerers (Orc:1)
  A cyclops (D:11)
  A centaur zombie (D:13)
  3 ice statues (IceCv)
  A centaur skeleton (D:13)
  7 polar bears (IceCv)
  A troll (Orc:2)
  Grinder (D:6)
  A two-headed ogre (D:7)
  2 shadows
  A wyvern (D:12)
  8 yaks
  A basilisk (D:11)
  2 hippogriffs
  2 hungry ghosts
  2 wargs (Orc:1)
  A soldier ant (D:12)
  A water moccasin (D:9)
  A meliai simulacrum (D:13)
  2 ice beasts (D:8)
  22 orc warriors
  2 sky beasts
  2 slaves
  9 ogres
  7 wolves (IceCv)
  4 necrophages (D:7)
  6 centaurs
  A crocodile (D:12)
  3 giant frogs
  A wyvern skeleton (D:12)
  A killer bee (D:7)
  2 howler monkeys
  8 wights
  2 crimson imps
  2 jellies (D:9)
  A giant frog zombie (D:12)
  4 hounds
  6 orc wizards
  9 orc priests
  A giant frog skeleton (D:11)
  An iguana (D:7)
  6 worker ants
  A killer bee zombie (D:7)
  A hound skeleton (D:7)
  A mummy (D:7)
  A howler monkey zombie (D:9)
  3 worker ant zombies
  3 gnolls (D:10)
  9 adders
  A shadow imp (D:7)
  12 white imps (D:11)
  2 adder zombies
  2 adder skeletons
  2 worms
  A dart slug (D:3)
  3 giant geckos
  53 orcs
  2 giant cockroaches
  5 goblins
  2 hobgoblins (D:1)
  2 jackals (D:6)
  A quokka (D:10)
  3 ball pythons
  A bat (D:3)
  A giant gecko skeleton (D:4)
  2 giant newts (D:2)
  A jackal zombie (D:7)
  5 kobolds
  6 rats
276 creatures vanquished.

Vanquished Creatures (others)
  A polar bear (IceCv)
  2 yaks (IceCv)
  A wolf (IceCv)
  A killer bee (D:7)
  An orc wizard (Orc:1)
  An orc (Orc:1)
7 creatures vanquished.

Grand Total: 283 creatures vanquished

Notes
Turn   | Place    | Note
-------+----------+-------------------------------------------
     0 | D:1      | 4thArraOfDagon the Troll Ice Elementalist began the quest for the Orb.
     0 | D:1      | Reached XP level 1. HP: 16/16 MP: 1/1
   168 | D:1      | Reached skill level 1 in Unarmed Combat
   218 | D:1      | Reached XP level 2. HP: 23/24 MP: 2/2
   289 | D:2      | Reached skill level 2 in Unarmed Combat
   451 | D:3      | Found a white marble altar of Elyvilon.
   458 | D:3      | Became a worshipper of Elyvilon the Healer
   472 | D:3      | Reached XP level 3. HP: 28/31 MP: 3/3
   562 | D:3      | Reached skill level 3 in Unarmed Combat
   690 | D:2      | Reached * piety under Elyvilon
   852 | D:3      | Reached skill level 1 in Invocations
   856 | D:3      | Reached XP level 4. HP: 39/39 MP: 4/4
   886 | D:4      | Noticed 4thArraOfDagon's ghost (amateur TrIE)
   901 | D:5      | Entered Level 5 of the Dungeon
   960 | D:5      | Reached skill level 4 in Unarmed Combat
   964 | D:5      | Reached XP level 5. HP: 12/45 MP: 5/5
  1029 | D:5      | Noticed Roxy's ghost (novice FoFi)
  1136 | D:5      | Reached ** piety under Elyvilon
  1168 | D:6      | Noticed a slave
  1168 | D:6      | Noticed a slave
  1169 | D:6      | Noticed a slave
  1185 | D:6      | Killed a slave
  1193 | D:6      | Noticed Pikel
  1193 | D:6      | Noticed a slave
  1216 | D:5      | Killed a slave
  1294 | D:6      | Noticed a sky beast
  1343 | D:6      | Killed a sky beast
  1343 | D:6      | Reached skill level 5 in Unarmed Combat
  1343 | D:6      | Reached XP level 6. HP: 37/53 MP: 6/6
  1350 | D:6      | Gained mutation: You heal very quickly. [mutagenic meat]
  1353 | D:6      | Gained mutation: Your spells are a little harder to cast, but a little more powerful. [mutagenic meat]
  1356 | D:6      | Gained mutation: You are partially covered in large bone plates. (AC +2, SH +2) [mutagenic meat]
  1359 | D:6      | Gained mutation: Armour fits poorly on your strangely shaped body. [mutagenic meat]
  1466 | D:7      | Noticed a two-headed ogre
  1499 | D:7      | Killed a two-headed ogre
  1499 | D:7      | Reached skill level 6 in Unarmed Combat
  1499 | D:7      | Reached XP level 7. HP: 15/59 MP: 8/8
  1600 | D:7      | Reached skill level 7 in Unarmed Combat
  1683 | D:8      | Reached *** piety under Elyvilon
  1706 | D:8      | Reached XP level 8. HP: 50/66 MP: 10/10
  1718 | D:8      | Reached skill level 8 in Unarmed Combat
  1731 | D:8      | Noticed a queen bee
  1746 | D:7      | HP: 2/67 [killer bee (5)]
  1874 | D:7      | Reached skill level 5 in Invocations
  1910 | D:6      | Noticed Grinder
  1922 | D:6      | Killed Grinder
  1922 | D:6      | Reached skill level 9 in Unarmed Combat
  1996 | D:8      | Noticed a two-headed ogre
  2230 | D:9      | Reached XP level 9. HP: 45/74 MP: 12/12
  2275 | D:8      | Reached skill level 10 in Unarmed Combat
  2310 | D:8      | Gained mutation: You are frail. (-10% HP) [mutagenic meat]
  2313 | D:8      | Gained mutation: You are partially covered in rough black scales. (AC +2, Dex -1) [mutagenic meat]
  2319 | D:8      | Lost mutation: You are partially covered in rough black scales. (AC +2, Dex -1) [mutagenic meat]
  2322 | D:8      | Gained mutation: You expend magic power (3 MP) to strengthen your wands. [mutagenic meat]
  2374 | D:9      | Noticed a cyan ugly thing
  2376 | D:9      | Pacified a cyan ugly thing
  2437 | D:9      | Found a bloodstained altar of Trog.
  2491 | D:9      | jacquesderrida: trall meng
  2502 | D:9      | 4thArraOfDagon: you dead?
  2509 | D:9      | Reached skill level 11 in Unarmed Combat
  2512 | D:9      | jacquesderrida: ne
  2537 | D:9      | jacquesderrida: i a live...
  2558 | D:9      | jacquesderrida: !lm
  2560 | D:9      | beem: 9859. [2016-09-04 14:06:46] jacquesderrida the Carver (L14 DsWr of Makhleb) entered the Spider Nest on turn 11060. (Lair:4)
  2730 | D:10     | Entered Level 10 of the Dungeon
  2895 | D:11     | Reached XP level 10. HP: 64/72 MP: 14/14
  2905 | D:11     | Reached **** piety under Elyvilon
  2932 | D:11     | Noticed a cyclops
  2978 | D:11     | Found a staircase to the Orcish Mines.
  3050 | D:11     | Killed a cyclops
  3050 | D:11     | Reached skill level 1 in Shields
  3186 | D:11     | Found a frozen archway.
  3212 | D:11     | Reached skill level 12 in Unarmed Combat
  3237 | IceCv    | Entered an ice cave
  3285 | IceCv    | Noticed an ice statue
  3396 | IceCv    | Noticed a white draconian
  3549 | IceCv    | Noticed an ice statue
  3560 | IceCv    | Killed an ice statue
  3718 | IceCv    | Noticed an ice statue
  3758 | IceCv    | Killed an ice statue
  3758 | IceCv    | Reached skill level 13 in Unarmed Combat
  3770 | IceCv    | Reached XP level 11. HP: 32/79 MP: 16/16
  3773 | IceCv    | HP: 3/79 [polar bear (13)]
  4098 | D:12     | Identified 3 scrolls of acquirement
  4099 | D:12     | Got an opalescent robe
  4110 | D:12     | Identified the +1 robe of the Tortoise {rElec Str+6} (You acquired it on level 12 of the Dungeon)
  4112 | D:12     | Got a fine bronze amulet
  4114 | D:12     | Identified the amulet "Piacary" {Harm *Drain rN++ Dex+2} (You acquired it on level 12 of the Dungeon)
  4125 | D:12     | Noticed a hill giant
  4142 | D:12     | Killed a hill giant
  4248 | D:12     | Found Daewufum's Gadget Shop.
  4259 | D:12     | Got a smoking mace
  4293 | D:12     | Noticed Azrael
  4626 | D:14     | Noticed Josephine
  4742 | D:13     | Found Xyopaq's General Store.
  4763 | D:13     | Noticed a centaur warrior
  4769 | D:13     | Killed a centaur warrior
  4772 | D:13     | Reached skill level 14 in Unarmed Combat
  4980 | D:13     | Noticed a hill giant
  5026 | D:13     | Killed a hill giant
  5068 | D:13     | Reached skill level 5 in Shields
  5095 | D:14     | Noticed a hill giant
  5096 | D:14     | Noticed a deep elf mage
  5104 | D:13     | Killed a hill giant
  5269 | Orc:1    | Entered Level 1 of the Orcish Mines
  5395 | Orc:2    | Entered Level 2 of the Orcish Mines
  5395 | Orc:2    | Noticed an ettin
  5395 | Orc:2    | Noticed an orc knight
  5463 | D:11     | Killed an orc knight
  5562 | Orc:1    | HP: 1/80 [ettin/dire flail (31)]
  5641 | Orc:1    | Killed an ettin
  5641 | Orc:1    | Reached skill level 1 in Fighting
  5802 | Orc:2    | Noticed an orc warlord
  5854 | Orc:1    | Killed an orc warlord
  5854 | Orc:1    | Reached XP level 12. HP: 74/91 MP: 16/18
  6051 | Orc:2    | Noticed an orc warlord
  6087 | Orc:2    | Reached skill level 10 in Invocations
  6249 | Orc:2    | mopl: \o/
  6327 | Orc:2    | Found a bloodstained altar of Trog.
  6423 | Orc:2    | Found Moem's Antique Armour Emporium.
  6544 | Orc:2    | Bought a runed large shield for 121 gold pieces
  6619 | Orc:2    | Found a staircase to the Elven Halls.
  6673 | Orc:2    | Noticed Erolcha
  6709 | Orc:2    | Pacified Erolcha
  6713 | Orc:2    | Noticed an orc high priest
  6728 | Orc:2    | Killed an orc high priest
  6876 | Orc:2    | Noticed an orc high priest
  6913 | Orc:2    | Gained mutation: Scrolls take you a little longer to read. [a neqoxec]
  6921 | Orc:2    | Mangled by a soul eater

Vault maps used:
D:1:      lemuel_arrival_tunnels, kennysheep_doodads
D:2:      lemuel_upstairs_altar, first_bread
D:3:      minmay_misc_feat_rugged, elyvilon_altar_3
D:4:      lemuel_crystal_altar, uniq_crazy_yiuf_cottage
D:5:      kennysheep_little_box, kennysheep_mini_moat, basic_altar,
          moated_statue, uniq_edmund, uniq_blork_the_orc
D:6:      okawaru_metal_pillars_3, uniq_pikel, uniq_grinder, uniq_duvessa
D:7:      serial_undead, serial_undead_d, serial_undead_e, serial_undead_c,
          serial_undead_f, serial_undead_d, serial_undead_a
D:8:      led_sif_book, minivault_19, david_nohive_1, serial_park_tiny_pond
D:9:      basic_altar, minmay_misc_feat_cross
D:10:     dpeg_oklobed_lair
D:11:     orc_0_dummy, portal_ice_cave_entry_imps
D:12:     serial_shops, shop, uniq_azrael
D:13:     minmay_shop_grid_forest
D:14:     david_vaults_4, serial_bayou_pond_a, eino_tiny_chamber, uniq_josephine
Orc:2:    st_orc_pillars, serial_shops, nicolae_shop_trees, bloody_trog,
          uniq_erolcha
IceCv:    ice_cave_small_giant

Skill      XL: |  1  2  3  4  5  6  7  8  9 10 11 12 |
---------------+-------------------------------------+-----
Unarmed Combat | 1 2 3 4 5 6 7 9 11 13 14 | 14.2
Invocations    | 1 2 3 4 5 7 8 9 10 | 10.4
Shields        | 3 5 6 |  6.7
Fighting       | 2 4 |  4.3
Dodging        | |  1.5
Stealth        | |  1.1
Spellcasting   | |  1.2
Conjurations   | |  0.6
Ice Magic      | |  2.1

Action                   |  1- 3 |  4- 6 |  7- 9 | 10-12 || total
-------------------------+-------+-------+-------+-------++-------
Melee: Unarmed           |   145 |   113 |   280 |   573 ||  1111
       Punch             |       |     2 |     5 |       ||     7
Throw: Javelin           |       |     3 |     2 |     3 ||     8
Invok: Heal Other        |       |       |    12 |    30 ||    42
       Lesser Healing    |       |       |     3 |     7 ||    10
       Greater Healing   |       |       |       |     1 ||     1
Evoke: Wand              |       |       |       |     3 ||     3
       Sack of spiders   |       |       |       |     1 ||     1
  Use: Potion            |     1 |     1 |     5 |     6 ||    13
       Scroll            |       |       |    14 |     8 ||    22
 Stab: Sleeping          |     3 |       |     1 |     3 ||     7
  Eat: Chunk             |     9 |    11 |    27 |    52 ||    99
       Beef jerky        |     1 |       |       |       ||     1
       Meat ration       |       |       |       |     1 ||     1
Armor: Robe              |    52 |    22 |    48 |    94 ||   216
       Skin              |       |       |       |     2 ||     2
Dodge: Dodged            |    82 |    50 |   116 |    88 ||   336
Block: Other             |       |       |    17 |       ||    17
       Shield            |       |       |     4 |   110 ||   114
       Large shield      |       |       |       |   292 ||   292
